 Dungeon Crawl Stone Soup version 0.20.1-1-g8b1a95d (webtiles) character file.

124193 panicbit the Severer (level 16, -16/149 HPs)
             Began as a Minotaur Fighter on July 7, 2017.
             Was the Champion of Okawaru.
             Killed from afar by a guardian serpent (27 damage)
             ... with a bolt of poison
             ... on level 4 of the Snake Pit on July 8, 2017.
             The game lasted 01:17:38 (21201 turns).

panicbit the Severer (Minotaur Fighter)            Turns: 21201, Time: 01:17:38

Health: -16/149    AC: 34    Str: 23    XL:     16   Next: 38%
Magic:  14/18      EV: 14    Int: 10    God:    Okawaru [******]
Gold:   999        SH: 24    Dex: 20    Spells: 15/15 levels left

rFire    . . .     SeeInvis .   C - +7 broad axe (freeze)
rCold    + + .     Gourm    .   c - +2 shield
rNeg     . . .     Faith    .   x - +3 plate armour {rC+}
rPois    .         Spirit   .   Z - +2 hat
rElec    .         Reflect  +   z - +2 cloak
rCorr    .         Harm     .   t - +2 pair of gloves
MR       ++...                  p - +2 pair of boots {run}
Stlth    ..........             e - +4 amulet of reflection
Regen    0.4/turn               L - ring of Happiness {rC+ MR+ Int+5}
MPRegen  0.2/turn               S - ring of Understanding {Wiz Dex+5}

@: lethally poisoned (-16 -> -24), heroism, finesse, very slightly contaminated,
hasted and slowed, quick
A: retaliatory headbutt, horns 2
a: Heroism, Finesse, Renounce Religion


You were on level 4 of the Snake Pit.
You worshipped Okawaru.
Okawaru was exalted by your worship.
You were very full.

You visited 4 branches of the dungeon, and saw 22 of its levels.

You collected 1828 gold pieces.
You spent 829 gold pieces at shops.

Inventory:

Hand Weapons
 C - a +7 broad axe of freezing (weapon)
 W - a +0 flail
Armour
 c - a +2 shield (worn)
 p - a +2 pair of boots of running (worn)
 t - a +2 pair of gloves (worn)
 x - a +3 plate armour of cold resistance (worn)
 z - a +2 cloak (worn)
 Z - a +2 hat (worn)
Jewellery
 a - an uncursed ring of protection from magic
 e - a +4 amulet of reflection (around neck)
 o - an uncursed ring of resist corrosion
 r - an uncursed amulet of faith
 u - a +3 ring of dexterity
 y - a +3 ring of strength
 B - an uncursed ring of fire
 F - an uncursed amulet of regeneration
 H - the amulet of Veocvune {rC+ MR+ Regen+ Str-2 Int+2}
   (You took it off a tengu warrior on level 11 of the Dungeon)

   [amulet of regeneration]

   It affects your strength (-2).
   It affects your intelligence (+2).
   It protects you from cold.
   It affects your resistance to hostile enchantments.
   It increases your rate of regeneration.
 L - the ring of Happiness (left hand) {rC+ MR+ Int+5}
   (You found it on level 11 of the Dungeon)

   [ring of protection from cold]

   It affects your intelligence (+5).
   It protects you from cold.
   It affects your resistance to hostile enchantments.
 M - the amulet of Midsummer {Reflect rPois Str+2 Int-4 Dex+4 SH+3}
   (You found it on level 11 of the Dungeon)

   [amulet of reflection]

   It shields you and reflects attacks.
   It affects your strength (+2).
   It affects your intelligence (-4).
   It affects your dexterity (+4).
   It protects you from poison.
   It affects your SH (+3).
 N - an uncursed ring of flight
 O - an uncursed ring of see invisible
 S - the ring of Understanding (right hand) {Wiz Dex+5}
   (You found it on level 11 of the Dungeon)

   [ring of wizardry]

   It improves your spell success rate.
   It affects your dexterity (+5).
 T - an uncursed amulet of the gourmand
Scrolls
 b - a scroll of brand weapon {unknown}
 g - 3 scrolls of fear
 i - 16 scrolls of remove curse
 k - 15 scrolls of teleportation
 A - 6 scrolls of amnesia
 D - 3 scrolls of magic mapping
 E - 2 scrolls of recharging
 I - 6 scrolls of fog
 J - a scroll of identify
 P - a scroll of silence
 U - a scroll of blinking
Potions
 d - 7 potions of might
 j - 2 potions of cancellation
 m - 8 potions of curing
 n - a potion of haste
 q - 3 potions of resistance
 s - 4 potions of heal wounds
 v - a potion of brilliance
 w - 4 potions of flight
 G - 3 potions of lignification
 Q - a potion of berserk rage
 R - a potion of magic
 V - a potion of ambrosia {unknown}
Comestibles
 f - 8 bread rations
 h - 5 meat rations
 l - 45 royal jellies


   Skills:
 + Level 15.3(20.3) Fighting
 + Level 19.9(25.0) Axes
 + Level 4.4(19.1) Maces & Flails
 + Level 13.2(18.2) Armour
 + Level 4.7(9.7) Dodging
 + Level 2.0(7.0) Stealth
 + Level 17.5(22.5) Shields
 + Level 4.5 Invocations


You had 15 spell levels left.
You didn't know any spells.

Dungeon Overview and Level Annotations

Branches:
Dungeon (11/15)            Temple (1/1) D:6            Lair (6/6) D:11
  Swamp (0/4) Lair:3        Snake (4/4) Lair:4        Slime (0/5) Lair:5
    Orc (0/2) D:9

Altars:
Ashenzari
Cheibriados
Dithmenos
Elyvilon
Fedhas
Gozag
Hepliaklqana
Kikubaaqudgha
Makhleb
Nemelex Xobeh
Okawaru
Qazlal
Ru
Sif Muna
Trog
Uskayaw
Vehumet
Yredelemnul
Zin

Shops:
D:4 *   D:5 (   D:11 :   Snake:2 =


Innate Abilities, Weirdness & Mutations

You reflexively headbutt those who attack you in melee.
You have a pair of horns on your head.


Message History

The splash of poison misses you.
Blink to where?
Press: ? - help, Dir - move target cursor, f - you
Okay, then.
Unknown command.
Blink to where?
Press: ? - help, Dir - move target cursor You are very lightly contaminated with residual magic.
As you read the scroll of blinking, it crumbles to dust.
* * * LOW HITPOINT WARNING * * *
You feel very sick.
You feel better.
Unknown command.
You feel as though your hastened speed will last longer.
The guardian serpent weaves intricate patterns with the tip of its tongue.
The guardian serpent blinks! x2; The naga blinks into view!
The guardian serpent coils itself and waves its upper body at you.
The bolt of poison hits you!
You are poisoned.
You die...

............######..(.(..........#
..............#####....(..(......##
................####.......(......#
.########........####.<...........#
..# ##........(###....(.......#
..#######..........####............
.......#............###............
..............§..NS..##............
..............S.N@S................
...................................
.........N.§.............
##..##....####...........
##..##...##..##.........#
#..##....#....#.......###
...)...S.#....##.....##
........§#... #.....# ........##..#
.##


You could see a naga ritualist, 3 guardian serpents and a naga.

Vanquished Creatures
  Jorgrun (Snake:2)
  Asterion (Snake:1)
  Gastronok (Lair:3)
  Kirke (Snake:1)
  2 nagarajas (Snake:3)
  The ghost of StormFighter the Unseen, a journeyman SpEn of Dithmenos (Snake:3)
  The ghost of Inarius the Lord of Darkness, a journeyman DsNe of Kikubaaqudgha (Lair:4)
  A fire dragon (D:10)
  9 naga warriors
  Josephine (D:10)
  5 hydras
  The ghost of spacecamp the Fighter, a journeyman OpTm of Gozag (Lair:1)
  9 anacondas
  An alligator (Lair:6)
  A tengu warrior (D:11)
  3 death yaks (Lair:1)
  5 two-headed ogres
  11 naga sharpshooters
  5 shock serpents
  Nergalle (D:10)
  2 salamander mystics (Snake:3)
  The ghost of Monsterracer the Cleaver, a novice DsGl of Makhleb (D:9)
  A swamp dragon (Lair:3)
  4 naga ritualists
  Pikel (D:9)
  10 mana vipers
  2 wolf spiders (Lair:6)
  A manticore (D:11)
  7 salamanders
  3 guardian serpents
  10 elephants
  Maurice (D:10)
  35 black mambas
  A torpor snail (Lair:6)
  14 naga magi
  A gargoyle (D:10)
  13 spiny frogs
  5 komodo dragons
  A kobold demonologist (D:11)
  3 rime drakes
  A rime drake (shapeshifter) (D:11)
  A tengu conjurer (D:10)
  An efreet (D:10)
  3 trolls
  A queen bee (Lair:1)
  2 hornets (Lair:6)
  12 polar bears
  8 hippogriffs
  A raiju (Lair:6)
  20 blink frogs
  2 shadows (D:10)
  3 spriggans (Lair:5)
  2 redbacks (Lair:6)
  7 wraiths
  4 hogs (Snake:1)
  13 yaks
  9 wyverns
  A basilisk (D:11)
  A steam dragon (D:11)
  A hungry ghost (D:11)
  12 wargs
  7 swamp worms (Lair:6)
  Duvessa (D:5)
  14 hell hounds (Lair:6)
  25 nagas
  24 water moccasins
  6 porcupines
  2 orc warriors
  A slave (D:9)
  3 ice beasts
  A sky beast (D:11)
  14 black bears
  2 phantoms
  2 ogres
  A boggart (D:10)
  5 centaurs
  21 wolves
  12 crocodiles
  2 big kobolds
  10 bullfrogs
  A gnoll sergeant (D:7)
  Dowan (D:5)
  2 wyvern skeletons
  6 scorpions
  29 killer bees
  2 wights (D:10)
  A vampire bat (D:5)
  A quasit (D:11)
  4 crimson imps
  A bullfrog zombie (D:6)
  4 hounds
  12 jellies
  5 orc priests
  Crazy Yiuf (D:5)
  2 bullfrog skeletons (D:5)
  4 centaur skeletons
  7 iguanas
  10 orc wizards
  8 worker ants
  A statue (D:8)
  A killer bee zombie (D:9)
  A hound skeleton (D:6)
  A worker ant zombie (D:5)
  6 gnolls
  A howler monkey skeleton (D:7)
  16 adders
  3 shadow imps
  14 oozes
  An adder skeleton (D:5)
  14 worms
  A dart slug (D:3)
  3 fire bats (D:5)
  6 leopard geckos
  29 orcs
  2 spectral bats (D:5)
  A ball python (D:1)
  17 bats
  3 bat skeletons (D:5)
  A bat zombie (D:5)
  A giant cockroach (D:1)
  8 goblins
  12 hobgoblins
  20 jackals
  26 kobolds
  9 quokkas
  A bat simulacrum (D:5)
  2 frilled lizards
  A jackal skeleton (D:7)
  A leopard gecko zombie (D:5)
  15 rats
  8 fungi
  6 plants
768 creatures vanquished.

Vanquished Creatures (others)
  Vashnia (Snake:4)
  A naga sharpshooter (Snake:4)
  A naga mage (Snake:2)
  A blink frog (Lair:5)
  2 slaves (D:9)
  A big kobold (D:9)
  An orc wizard (D:9)
  3 orcs (D:9)
  2 kobolds (D:9)
  8 fungi
  11 plants
  6 toadstools (D:3)
38 creatures vanquished.

Grand Total: 806 creatures vanquished

Notes
Turn   | Place    | Note
-------+----------+-------------------------------------------
     0 | D:1      | panicbit the Minotaur Fighter began the quest for the Orb.
     0 | D:1      | Reached XP level 1. HP: 19/19 MP: 0/0
     2 | D:1      | Noticed a spriggan
     2 | D:1      | Noticed a vine stalker
     4 | D:1      | Noticed a demonspawn
     4 | D:1      | Noticed a dwarf
     6 | D:1      | Noticed a felid
     6 | D:1      | Noticed a halfling
     8 | D:1      | Noticed a formicid
    10 | D:1      | Noticed a tengu
    12 | D:1      | Noticed a demigod
    12 | D:1      | Noticed an elf
    14 | D:1      | Noticed a merfolk
    14 | D:1      | Noticed a ghoul
    16 | D:1      | Noticed a human
    16 | D:1      | Noticed a draconian
    24 | D:1      | Noticed a troll
    24 | D:1      | Noticed a gargoyle
    26 | D:1      | Noticed an octopode
    26 | D:1      | Noticed a vampire
    28 | D:1      | Noticed a naga
    28 | D:1      | Noticed an ogre
    30 | D:1      | Noticed a minotaur
    32 | D:1      | Noticed a centaur
   111 | D:1      | Reached XP level 2. HP: 19/27 MP: 1/1
   481 | D:2      | Found a sacrificial altar of Ru.
   493 | D:2      | Reached skill level 3 in Axes
   493 | D:2      | Reached XP level 3. HP: 20/33 MP: 2/2
  1291 | D:2      | Reached XP level 4. HP: 35/40 MP: 3/3
  1492 | D:3      | Reached skill level 4 in Axes
  1596 | D:3      | Reached XP level 5. HP: 30/46 MP: 4/4
  1605 | D:3      | Reached skill level 1 in Dodging
  1935 | D:3      | Reached skill level 5 in Armour
  1935 | D:3      | Reached skill level 5 in Shields
  1959 | D:3      | Reached skill level 5 in Axes
  1959 | D:3      | Reached XP level 6. HP: 25/52 MP: 5/5
  2462 | D:4      | Found a hide-covered altar of Uskayaw.
  2516 | D:4      | Found Efum's General Store.
  2528 | D:4      | Bought a scroll of enchant armour for 82 gold pieces
  2554 | D:4      | Reached XP level 7. HP: 48/60 MP: 6/6
  2687 | D:4      | Found an iron altar of Okawaru.
  2695 | D:4      | Became a worshipper of Warmaster Okawaru
  2703 | D:4      | Reached skill level 6 in Axes
  2897 | D:5      | Entered Level 5 of the Dungeon
  2917 | D:5      | Reached skill level 5 in Fighting
  2965 | D:5      | Reached skill level 7 in Axes
  2981 | D:5      | Found a sparkling altar of Nemelex Xobeh.
  3140 | D:5      | Found Obeff's Weapon Shop.
  3206 | D:5      | Noticed Dowan
  3207 | D:5      | Noticed Duvessa
  3224 | D:5      | Reached XP level 8. HP: 69/69 MP: 7/7
  3228 | D:5      | Reached * piety under Okawaru
  3246 | D:5      | Killed Duvessa
  3248 | D:5      | Killed Dowan
  3248 | D:5      | Reached skill level 8 in Axes
  3471 | D:5      | Identified Maelusow's Collected Works on Ice and the Volcanoes
  3770 | D:5      | Found a runed door.
  3774 | D:5      | Noticed Crazy Yiuf
  3779 | D:5      | Killed Crazy Yiuf
  3873 | D:6      | Found a staircase to the Ecumenical Temple.
  3884 | Temple   | Entered the Ecumenical Temple
  4218 | D:6      | Reached skill level 9 in Axes
  4264 | D:6      | Found a white marble altar of Elyvilon.
  4507 | D:6      | Reached skill level 1 in Stealth
  4737 | D:7      | Reached XP level 9. HP: 60/75 MP: 8/8
  4849 | D:7      | Reached ** piety under Okawaru
  4901 | D:7      | Found a basalt altar of Yredelemnul.
  4928 | D:7      | Noticed a moth of wrath
  4931 | D:7      | Found a bloodstained altar of Trog.
  5711 | D:8      | Reached skill level 10 in Axes
  5787 | D:8      | Found a hazy altar of Hepliaklqana.
  6207 | D:8      | Found a radiant altar of Vehumet.
  6354 | D:9      | Noticed a troll
  6365 | D:9      | Killed a troll
  6379 | D:9      | Found a shattered altar of Ashenzari.
  6432 | D:9      | Found a shadowy altar of Dithmenos.
  6469 | D:9      | Found a staircase to the Orcish Mines.
  6490 | D:9      | Noticed a troll
  6498 | D:9      | Killed a troll
  6498 | D:9      | Reached skill level 11 in Axes
  6675 | D:9      | Noticed Pikel
  6687 | D:9      | Killed Pikel
  6687 | D:9      | Reached XP level 10. HP: 86/86 MP: 6/9
  6997 | D:9      | Noticed a two-headed ogre
  7007 | D:9      | Killed a two-headed ogre
  7135 | D:9      | Reached *** piety under Okawaru
  7247 | D:9      | Noticed Monsterracer's ghost (novice DsGl)
  7268 | D:9      | Killed Monsterracer's ghost
  7268 | D:9      | Reached skill level 1 in Invocations
  7359 | D:9      | Reached skill level 12 in Axes
  7385 | D:10     | Entered Level 10 of the Dungeon
  7510 | D:10     | Noticed a gargoyle
  7525 | D:10     | Killed a gargoyle
  7560 | D:10     | Reached skill level 10 in Shields
  7568 | D:10     | Reached **** piety under Okawaru
  7575 | D:10     | Received a gift from Okawaru
  7636 | D:10     | Noticed Maurice
  7645 | D:10     | Killed Maurice
  7805 | D:10     | Noticed a two-headed ogre
  7823 | D:10     | Killed a two-headed ogre
  7823 | D:10     | Received a gift from Okawaru
  7823 | D:10     | Reached XP level 11. HP: 69/95 MP: 7/10
  7906 | D:10     | Noticed a fire dragon
  7924 | D:10     | Killed a fire dragon
  8203 | D:10     | Reached skill level 13 in Axes
  8212 | D:10     | Noticed Nergalle
  8232 | D:10     | Killed Nergalle
  8286 | D:10     | Reached ***** piety under Okawaru
  8361 | D:10     | Noticed Josephine
  8374 | D:10     | Killed Josephine
  8374 | D:10     | Received a gift from Okawaru
  8661 | D:11     | Found a staircase to the Lair.
  8699 | D:11     | Reached skill level 14 in Axes
  8827 | D:11     | Noticed a seven-headed hydra
  8830 | D:11     | Noticed a tengu warrior
  8837 | D:11     | Killed a seven-headed hydra
  8846 | D:11     | Reached skill level 1 in Maces & Flails
  8867 | D:11     | Killed a tengu warrior
  8875 | D:11     | Reached ****** piety under Okawaru
  8884 | D:11     | Got a sparkling amethyst amulet
  8924 | D:11     | Got a slimy steel ring
  8926 | D:11     | Identified the ring of Happiness {rC+ MR+ Int+5} (You found it on level 11 of the Dungeon)
  8930 | D:11     | Identified the amulet of Veocvune {rC+ MR+ Regen+ Str-2 Int+2} (You took it off a tengu warrior on level 11 of the Dungeon)
  8943 | D:11     | Got an ancient silver amulet
  8946 | D:11     | Got a twitching wooden ring
  9052 | D:11     | Reached XP level 12. HP: 75/106 MP: 12/12
  9053 | D:11     | Noticed a two-headed ogre
  9134 | D:11     | Killed a two-headed ogre
  9196 | D:11     | Found Cetoa's Book Shop.
  9202 | D:11     | Received a gift from Okawaru
  9217 | D:11     | Identified the amulet of Midsummer {Reflect rPois Str+2 Int-4 Dex+4 SH+3} (You found it on level 11 of the Dungeon)
  9219 | D:11     | Identified the ring of Understanding {Wiz Dex+5} (You found it on level 11 of the Dungeon)
  9503 | D:11     | Noticed a two-headed ogre
  9510 | D:11     | Killed a two-headed ogre
  9515 | D:11     | Noticed a two-headed ogre
  9522 | D:11     | Killed a two-headed ogre
  9522 | D:11     | Reached skill level 10 in Fighting
  9522 | D:11     | Reached skill level 10 in Armour
  9754 | Lair:1   | Entered Level 1 of the Lair of Beasts
  9810 | Lair:1   | Reached skill level 15 in Axes
  9824 | Lair:1   | Noticed a death yak
  9824 | Lair:1   | Noticed a death yak
  9825 | Lair:1   | Noticed a death yak
  9829 | Lair:1   | Killed a death yak
  9831 | Lair:1   | Killed a death yak
  9837 | Lair:1   | Killed a death yak
  9875 | Lair:1   | Noticed a five-headed hydra
  9885 | Lair:1   | Killed a five-headed hydra
  9885 | Lair:1   | Received a gift from Okawaru
 10262 | Lair:1   | Reached skill level 16 in Axes
 10321 | Lair:1   | Noticed spacecamp's ghost (journeyman OpTm)
 10333 | Lair:1   | Killed spacecamp's ghost
 10501 | Lair:1   | Reached XP level 13. HP: 101/114 MP: 13/13
 11630 | Lair:3   | Received a gift from Okawaru
 11728 | Lair:3   | Found a staircase to the Swamp.
 12050 | Lair:3   | Noticed Gastronok
 12061 | Lair:3   | Killed Gastronok
 12061 | Lair:3   | Reached skill level 17 in Axes
 12436 | Lair:4   | Noticed Inarius's ghost (journeyman DsNe)
 12454 | Lair:4   | Killed Inarius's ghost
 12454 | Lair:4   | Received a gift from Okawaru
 12605 | Lair:4   | Found a staircase to the Snake Pit.
 13187 | Lair:5   | Found a staircase to the Slime Pits.
 13406 | Lair:5   | Received a gift from Okawaru
 13410 | Lair:5   | Got a faintly glowing war axe {god gift}
 13413 | Lair:5   | Identified the +1 war axe of the Firefly {venom, MR+} (Okawaru gifted it to you on level 5 of the Lair of Beasts)
 14047 | Lair:6   | Entered Level 6 of the Lair of Beasts
 14276 | Lair:6   | Reached XP level 14. HP: 123/125 MP: 15/15
 14419 | Lair:6   | Received a gift from Okawaru
 14468 | Lair:6   | Reached skill level 18 in Axes
 14769 | Lair:6   | Received a gift from Okawaru
 15030 | Lair:6   | Paralysed by a hornet for 1 turns
 15749 | Snake:1  | Entered Level 1 of the Snake Pit
 15793 | Snake:1  | Noticed Asterion
 15801 | Snake:1  | Noticed an Executioner
 15802 | Snake:1  | Killed Asterion
 15802 | Snake:1  | Reached skill level 15 in Shields
 15940 | Snake:1  | Received a gift from Okawaru
 16354 | Snake:1  | Noticed Kirke
 16361 | Snake:1  | Reached XP level 15. HP: 123/136 MP: 13/16
 16363 | Snake:1  | Killed Kirke
 16456 | Snake:1  | Received a gift from Okawaru
 16468 | Snake:1  | Identified a +2 pair of boots of running (Okawaru gifted it to you on level 1 of the Snake Pit)
 17030 | Snake:1  | Reached skill level 19 in Axes
 17166 | Snake:2  | Found Urafiw's Jewellery Emporium.
 17172 | Snake:2  | Bought an uncursed ring of protection from magic for 325 gold pieces
 17172 | Snake:2  | Bought an uncursed ring of see invisible for 195 gold pieces
 17172 | Snake:2  | Bought an uncursed ring of flight for 227 gold pieces
 17397 | Snake:2  | Noticed Jorgrun
 17424 | Snake:2  | Killed Jorgrun
 18432 | Snake:3  | Noticed StormFighter's ghost (journeyman SpEn)
 18487 | Snake:3  | Killed StormFighter's ghost
 18835 | Snake:3  | Received a gift from Okawaru
 19129 | Snake:3  | Noticed a nagaraja
 19137 | Snake:3  | Killed a nagaraja
 19306 | Snake:3  | Noticed a nagaraja
 19319 | Snake:3  | Killed a nagaraja
 19654 | Snake:3  | Reached skill level 15 in Fighting
 19654 | Snake:3  | Reached XP level 16. HP: 121/149 MP: 16/18
 19737 | Snake:4  | Entered Level 4 of the Snake Pit
 19748 | Snake:4  | Noticed Vashnia
 19990 | Snake:4  | Killed Vashnia
 21195 | Snake:4  | HP: 5/149 [poisoned by a guardian serpent (bolt of poison)]
 21196 | Snake:4  | HP: 2/149 [poisoned by a guardian serpent (bolt of poison)]
 21201 | Snake:4  | Killed from afar by a guardian serpent

Skill      XL: |  1  2  3  4  5  6  7  8  9 10 11 12 13 14 15 16 |
---------------+-------------------------------------------------+-----
Armour         | 4 5 6 7 8 9 10 11 12 13 | 13.2
Axes           | 3 4 5 7 9 11 12 14 16 17 18 19 | 19.9
Fighting       | 4 5 6 7 8 9 10 11 13 15 | 15.3
Shields        | 4 5 6 7 9 10 11 12 13 15 16 17 | 17.5
Dodging        | 1 2 3 4 |  4.7
Stealth        | 1 2 |  2.0
Invocations    | 1 2 3 4 |  4.5
Maces & Flails | 2 3 4 |  4.4

Action                   |  1- 3 |  4- 6 |  7- 9 | 10-12 | 13-15 | 16-18 || total
-------------------------+-------+-------+-------+-------+-------+-------++-------
Melee: War axe           |    77 |   159 |   383 |   432 |       |       ||  1051
       Headbutt          |     6 |    30 |    95 |   174 |   237 |    24 ||   566
       Flail             |       |       |       |    15 |    19 |       ||    34
       Broad axe         |       |       |       |   163 |   948 |   101 ||  1212
Invok: Heroism           |       |       |     5 |    14 |    18 |     3 ||    40
       Finesse           |       |       |       |       |     1 |     3 ||     4
  Use: Potion            |       |       |       |     1 |       |     6 ||     7
       Scroll            |       |       |       |    22 |    16 |     2 ||    40
  Eat: Chunk             |     1 |     5 |    19 |    12 |    13 |       ||    50
       Fruit             |       |       |       |       |    19 |       ||    19
       Meat ration       |       |       |       |       |       |     3 ||     3
Armor: Scale mail        |    33 |    74 |    86 |       |       |       ||   193
       Plate armour      |       |       |    73 |   234 |   308 |    45 ||   660
       Skin              |       |       |       |       |     4 |       ||     4
Dodge: Dodged            |    15 |    42 |   145 |   132 |   198 |    34 ||   566
Block: Shield            |    30 |    99 |   266 |   378 |   733 |   119 ||  1625
       Reflection        |       |       |       |       |    54 |    35 ||    89
